NYP
MILWAUKEE (NYP) BREWERS @ AUBURN DOUBLEDAYS
06/13/2049
 
TOP OF THE 1ST
Milwaukee (NYP) Brewers batting - Pitching for Auburn Doubledays : RHP Danny Clarke
Pitching: RHP Danny Clarke
Batting: RHB Tristan Smeets 0-0: Called Strike
0-1: Ball
1-1: Ball
2-1: SINGLE (Line Drive, 6MD, EV 101.2 MPH)
Batting: LHB Dusty Bryant 0-0: Grounds into double play, 6-4-3 (Groundball, 6, EV 111.9 MPH)
Batting: RHB Ryan Miller 0-0: Ball
1-0: Called Strike
1-1: Foul Ball, location: 2F
1-2: Strikes out swinging
Top of the 1st over - 0 runs, 1 hit, 0 errors, 0 left on base; Milwaukee (NYP) 0 - Auburn 0
BOTTOM OF THE 1ST
Auburn Doubledays batting - Pitching for Milwaukee (NYP) Brewers : RHP Cesar Pulido
Pitching: RHP Cesar Pulido
Batting: RHB Victor Rojas 0-0: SINGLE (Line Drive, 8RS, EV 93.1 MPH)
Batting: RHB Joe Simmelink 0-0: Called Strike
Victor Rojas steals 2nd base
0-1: Ball
1-1: Foul Ball, location: 2F
1-2: Ball
2-2: Strikes out swinging
Batting: RHB Luis Vargas 0-0: Foul Ball, location: 2F
0-1: Ball
1-1: Ball
2-1: Swinging Strike
2-2: Ball
3-2: Strikes out swinging
Batting: RHB Qian Tai 0-0: Ball
1-0: Ball
2-0: Fly out, F9 (Flyball, 89M, EV 85.0 MPH)
Bottom of the 1st over - 0 runs, 1 hit, 0 errors, 1 left on base; Milwaukee (NYP) 0 - Auburn 0
TOP OF THE 2ND
Milwaukee (NYP) Brewers batting - Pitching for Auburn Doubledays : RHP Danny Clarke
Batting: RHB Alfredo Sena 0-0: Swinging Strike
0-1: Ball
1-1: Ball
2-1: Foul Ball, location: 2F
2-2: Ball
3-2: DOUBLE (Groundball, 5L, EV 105.0 MPH)
Batting: RHB Tony Beaumond 0-0: Ball
1-0: Ball
2-0: Called Strike
2-1: Ball
3-1: Fly out, F7 (Flyball, 7LS, EV 85.0 MPH)
Batting: LHB John Fortin 0-0: Ball
1-0: SINGLE (Groundball, 56, EV 106.9 MPH)
Alfredo Sena to third
Runner from 3rd tries for Home, SAFE, throw by LF to home
John Fortin to second
Batting: RHB Wiliama Dana 0-0: Ball
Wild Pitch!
John Fortin to third
1-0: Swinging Strike
1-1: Foul Ball, location: 2F
1-2: Foul Ball, location: 2F
1-2: Ball
Wild Pitch!
John Fortin scores
2-2: Strikes out looking
Batting: RHB Chris Riddel 0-0: Ground out 6-3 (Groundball, 6, EV 79.4 MPH)
Top of the 2nd over - 2 runs, 2 hits, 0 errors, 0 left on base; Milwaukee (NYP) 2 - Auburn 0
BOTTOM OF THE 2ND
Auburn Doubledays batting - Pitching for Milwaukee (NYP) Brewers : RHP Cesar Pulido
Batting: RHB Colin Morris 0-0: Fly out, F7 (Flyball, 7LS, EV 85.6 MPH)
Batting: SHB Fernando Fundora 0-0: Swinging Strike
0-1: Foul Ball, location: 2F
0-2: SINGLE (Groundball, 4MD, EV 95.6 MPH)
Batting: RHB Charlie Iacovone 0-0: SINGLE (Line Drive, 4D, EV 100.0 MPH)
Fernando Fundora to second
Batting: LHB Tony Olvera 0-0: Called Strike
0-1: Ball
1-1: Called Strike
1-2: Strikes out swinging
Batting: RHB Jorge Torres 0-0: Fly out, F6 (Line Drive, 6, EV 66.2 MPH)
Bottom of the 2nd over - 0 runs, 2 hits, 0 errors, 2 left on base; Milwaukee (NYP) 2 - Auburn 0
TOP OF THE 3RD
Milwaukee (NYP) Brewers batting - Pitching for Auburn Doubledays : RHP Danny Clarke
Batting: RHB Mohammed bin Ubaida 0-0: Swinging Strike
0-1: Ball
1-1: Ball
2-1: Foul Ball, location: 2F
2-2: Ball
3-2: Strikes out swinging
Batting: RHB Tristan Smeets 0-0: Ball
1-0: Ground out 6-3 (Groundball, 6, EV 98.1 MPH)
Batting: LHB Dusty Bryant 0-0: Ball
1-0: Ball
2-0: Ball
3-0: Base on Balls
Batting: RHB Ryan Miller 0-0: Called Strike
0-1: Ground out 4-3 (Groundball, 4, EV 83.1 MPH)
Top of the 3rd over - 0 runs, 0 hits, 0 errors, 1 left on base; Milwaukee (NYP) 2 - Auburn 0
BOTTOM OF THE 3RD
Auburn Doubledays batting - Pitching for Milwaukee (NYP) Brewers : RHP Cesar Pulido
Batting: RHB Victor Rojas 0-0: Foul Ball, location: 2F
0-1: Swinging Strike
0-2: Ball
1-2: Foul Ball, location: 2F
1-2: Ball
2-2: Strikes out swinging
Batting: RHB Joe Simmelink 0-0: Ground out 4-3 (Groundball, 34, EV 88.1 MPH)
Batting: RHB Luis Vargas 0-0: SINGLE (Line Drive, 89M, EV 102.5 MPH)
Batting: RHB Qian Tai 0-0: Foul Ball, location: 2F
0-1: Ball
1-1: Called Strike
1-2: Strikes out looking
Bottom of the 3rd over - 0 runs, 1 hit, 0 errors, 1 left on base; Milwaukee (NYP) 2 - Auburn 0
TOP OF THE 4TH
Milwaukee (NYP) Brewers batting - Pitching for Auburn Doubledays : RHP Danny Clarke
Batting: RHB Alfredo Sena 0-0: Ball
1-0: Ball
2-0: Ball
3-0: Called Strike
3-1: Base on Balls
Batting: RHB Tony Beaumond 0-0: Called Strike
0-1: DOUBLE (Flyball, 8LXD, EV 90.0 MPH)
Alfredo Sena to third
Batting: LHB John Fortin 0-0: Called Strike
0-1: Ball
1-1: Ball
2-1: Foul Ball, location: 2F
2-2: Ground out 6-3 (Groundball, 6, EV 107.5 MPH)
Alfredo Sena scores
Batting: RHB Wiliama Dana 0-0: Called Strike
0-1: DOUBLE (Line Drive, 9LM, EV 96.2 MPH)
Tony Beaumond scores
Batting: RHB Chris Riddel 0-0: Ball
1-0: Ball
2-0: Swinging Strike
2-1: Called Strike
2-2: Ground out 6-3 (Groundball, 56, EV 82.5 MPH)
Batting: RHB Mohammed bin Ubaida 0-0: Ball
1-0: Foul Ball, location: 2F
1-1: Foul Ball, location: 2F
1-2: Ball
2-2: Fly out, F8 (Flyball, 78D, EV 102.5 MPH)
Top of the 4th over - 2 runs, 2 hits, 0 errors, 1 left on base; Milwaukee (NYP) 4 - Auburn 0
BOTTOM OF THE 4TH
Auburn Doubledays batting - Pitching for Milwaukee (NYP) Brewers : RHP Cesar Pulido
Batting: RHB Colin Morris 0-0: SINGLE (Groundball, 34S, EV 71.2 MPH) (infield hit)
Batting: SHB Fernando Fundora 0-0: Foul Ball, location: 2F
0-1: Foul Ball, location: 2F
0-2: Strikes out swinging
Batting: RHB Charlie Iacovone 0-0: Ball
1-0: Swinging Strike
Pickoff Throw by Catcher to First - Out!
1-1: Swinging Strike
1-2: Ball
2-2: Foul Ball, location: 2F
2-2: Foul Ball, location: 2F
2-2: Strikes out swinging
Bottom of the 4th over - 0 runs, 1 hit, 0 errors, 0 left on base; Milwaukee (NYP) 4 - Auburn 0
TOP OF THE 5TH
Milwaukee (NYP) Brewers batting - Pitching for Auburn Doubledays : RHP Danny Clarke
Batting: RHB Tristan Smeets 0-0: Ball
1-0: Ball
2-0: Called Strike
2-1: Ground out 6-3 (Groundball, 6, EV 76.2 MPH)
Batting: LHB Dusty Bryant 0-0: Ball
1-0: Foul Ball, location: 2F
1-1: Foul Ball, location: 2F
1-2: Strikes out looking
Batting: RHB Ryan Miller 0-0: Called Strike
0-1: Foul Ball, location: 2F
0-2: Fly out, F8 (Flyball, 8RXD, EV 99.4 MPH)
Top of the 5th over - 0 runs, 0 hits, 0 errors, 0 left on base; Milwaukee (NYP) 4 - Auburn 0
BOTTOM OF THE 5TH
Auburn Doubledays batting - Pitching for Milwaukee (NYP) Brewers : RHP Cesar Pulido
Batting: LHB Tony Olvera 0-0: Called Strike
0-1: Ball
1-1: Ball
2-1: Ball
3-1: Fly out, F4 (Line Drive, 4, EV 66.9 MPH)
Batting: RHB Jorge Torres 0-0: Ground out 6-3 (Groundball, 6, EV 78.8 MPH)
Batting: RHB Victor Rojas 0-0: Ground out 6-3 (Groundball, 6M, EV 89.4 MPH)
Bottom of the 5th over - 0 runs, 0 hits, 0 errors, 0 left on base; Milwaukee (NYP) 4 - Auburn 0
TOP OF THE 6TH
Milwaukee (NYP) Brewers batting - Pitching for Auburn Doubledays : RHP Danny Clarke
Batting: RHB Alfredo Sena 0-0: Called Strike
0-1: Foul Ball, location: 2F
0-2: Strikes out swinging
Pitching: RHP Manny Mendoza
Batting: RHB Tony Beaumond 0-0: Called Strike
0-1: Ball
1-1: Ball
2-1: Ball
3-1: Swinging Strike
3-2: Ground out 5-3 (Groundball, 56, EV 86.2 MPH)
Batting: LHB John Fortin 0-0: Swinging Strike
0-1: Ball
1-1: Ball
2-1: Ball
3-1: Called Strike
3-2: Foul Ball, location: 2F
3-2: Foul Ball, location: 2F
3-2: Base on Balls
Batting: RHB Wiliama Dana 0-0: Ball
1-0: Ball
2-0: Ball
3-0: Base on Balls
John Fortin to second
Batting: RHB Chris Riddel 0-0: Fly out, F8 (Flyball, 8RXD, EV 93.8 MPH)
Top of the 6th over - 0 runs, 0 hits, 0 errors, 2 left on base; Milwaukee (NYP) 4 - Auburn 0
BOTTOM OF THE 6TH
Auburn Doubledays batting - Pitching for Milwaukee (NYP) Brewers : RHP Cesar Pulido
Batting: RHB Joe Simmelink 0-0: DOUBLE (Line Drive, 7LD, EV 101.9 MPH)
Batting: RHB Luis Vargas 0-0: Fly out, F8 (Flyball, 8RD, EV 96.2 MPH)
Batting: RHB Qian Tai 0-0: Ground out 4-3 (Groundball, 4D, EV 91.9 MPH)
Joe Simmelink to third
Batting: RHB Colin Morris 0-0: Foul Ball, location: 2F
0-1: Swinging Strike
0-2: Fly out, F8 (Flyball, 8RM, EV 90.0 MPH)
Bottom of the 6th over - 0 runs, 1 hit, 0 errors, 1 left on base; Milwaukee (NYP) 4 - Auburn 0
TOP OF THE 7TH
Milwaukee (NYP) Brewers batting - Pitching for Auburn Doubledays : RHP Manny Mendoza
Batting: RHB Mohammed bin Ubaida 0-0: Swinging Strike
0-1: Called Strike
0-2: Ball
1-2: Strikes out swinging
Batting: RHB Tristan Smeets 0-0: DOUBLE (Line Drive, 8RXD, EV 101.2 MPH)
Batting: LHB Dusty Bryant 0-0: Ball
1-0: Ball
2-0: Swinging Strike
2-1: Ground out U3 (Groundball, 3, EV 101.9 MPH)
Tristan Smeets to third
Batting: RHB Ryan Miller 0-0: Ball
1-0: Ball
2-0: Ball
3-0: Base on Balls
Pitching: LHP Mike Rosas
Batting: RHB Alfredo Sena 0-0: Ball
1-0: Ball
2-0: Foul Ball, location: 2F
2-1: Called Strike
2-2: Fly out, F8 (Flyball, 8RM, EV 94.4 MPH)
Top of the 7th over - 0 runs, 1 hit, 0 errors, 2 left on base; Milwaukee (NYP) 4 - Auburn 0
BOTTOM OF THE 7TH
Auburn Doubledays batting - Pitching for Milwaukee (NYP) Brewers : RHP Cesar Pulido
Batting: SHB Fernando Fundora 0-0: Ball
1-0: Ball
2-0: Called Strike
2-1: Foul Ball, location: 2F
2-2: Strikes out swinging
Batting: RHB Charlie Iacovone 0-0: Called Strike
0-1: Swinging Strike
0-2: Ball
1-2: Foul Ball, location: 2F
1-2: Strikes out swinging
Batting: LHB Tony Olvera 0-0: Ground out 6-3 (Groundball, 56, EV 79.4 MPH)
Bottom of the 7th over - 0 runs, 0 hits, 0 errors, 0 left on base; Milwaukee (NYP) 4 - Auburn 0
TOP OF THE 8TH
Milwaukee (NYP) Brewers batting - Pitching for Auburn Doubledays : LHP Mike Rosas
Batting: RHB Tony Beaumond 0-0: Called Strike
0-1: Ball
1-1: Called Strike
1-2: Reached on error, E5 (Groundball, 56, EV 81.9 MPH)
Batting: LHB John Fortin 0-0: Called Strike
0-1: Ball
1-1: Foul Ball, location: 2F
1-2: Strikes out swinging
Batting: RHB Wiliama Dana 0-0: Ball
1-0: Fly out, F7 (Flyball, 7LM, EV 83.1 MPH)
Batting: RHB Chris Riddel 0-0: DOUBLE (Flyball, 89D, EV 105.6 MPH)
Tony Beaumond to third
Runner from 3rd tries for Home, throw by CF and OUT! 8-4-2
Top of the 8th over - 0 runs, 1 hit, 1 error, 1 left on base; Milwaukee (NYP) 4 - Auburn 0
BOTTOM OF THE 8TH
Auburn Doubledays batting - Pitching for Milwaukee (NYP) Brewers : RHP Cesar Pulido
Batting: RHB Jorge Torres 0-0: Swinging Strike
0-1: Ball
1-1: Foul Ball, location: 2F
1-2: Ball
2-2: Ball
3-2: Foul Ball, location: 2F
3-2: Strikes out looking
Batting: RHB Victor Rojas 0-0: Ball
1-0: Called Strike
1-1: Ball
2-1: Ground out 1-3 (Groundball, 13, EV 67.5 MPH)
Batting: RHB Joe Simmelink 0-0: Ball
1-0: Ball
2-0: Swinging Strike
2-1: Called Strike
2-2: Ball
3-2: Base on Balls
Pitching: RHP Allen Gans
Batting: RHB Luis Vargas 0-0: 2-RUN HOME RUN (Flyball, 78XD, EV 112.5 MPH), Distance : 445 ft
Batting: RHB Qian Tai 0-0: Called Strike
0-1: Foul Ball, location: 2F
0-2: Ball
1-2: Ball
2-2: Foul Ball, location: 2F
2-2: Strikes out looking
Bottom of the 8th over - 2 runs, 1 hit, 0 errors, 0 left on base; Milwaukee (NYP) 4 - Auburn 2
TOP OF THE 9TH
Milwaukee (NYP) Brewers batting - Pitching for Auburn Doubledays : LHP Mike Rosas
Batting: RHB Mohammed bin Ubaida 0-0: Foul Ball, location: 2F
0-1: Hit by Pitch
Batting: RHB Tristan Smeets 0-0: Ball
Wild Pitch!
Mohammed bin Ubaida to second
1-0: Intentional Walk
Batting: LHB Dusty Bryant 0-0: Ball
1-0: Ball
2-0: Ball
3-0: Base on Balls
Mohammed bin Ubaida to third
Tristan Smeets to second
Batting: RHB Ryan Miller 0-0: Called Strike
0-1: Swinging Strike
0-2: Foul Ball, location: 2F
0-2: Ball
1-2: Strikes out looking
Batting: RHB Alfredo Sena 0-0: Swinging Strike
0-1: Swinging Strike
0-2: Strikes out looking
Batting: RHB Tony Beaumond 0-0: Called Strike
0-1: DOUBLE (Line Drive, 5D, EV 105.6 MPH)
Mohammed bin Ubaida scores
Tristan Smeets scores
Dusty Bryant to third
Runner from 3rd tries for Home, SAFE, throw by LF to home
Batting: LHB John Fortin 0-0: Called Strike
0-1: Ball
1-1: Called Strike
1-2: Strikes out swinging
Top of the 9th over - 3 runs, 1 hit, 0 errors, 1 left on base; Milwaukee (NYP) 7 - Auburn 2
BOTTOM OF THE 9TH
Auburn Doubledays batting - Pitching for Milwaukee (NYP) Brewers : RHP Allen Gans
Batting: RHB Colin Morris 0-0: Foul Ball, location: 2F
0-1: Ground out 4-3 (Groundball, 4M, EV 106.2 MPH)
Batting: SHB Fernando Fundora 0-0: Fly out, F9 (Flyball, 9, EV 91.2 MPH)
Pinch Hitting: LHB Mike Hamilton 0-0: Ball
1-0: Foul Ball, location: 2F
1-1: Ball
2-1: Ball
3-1: Foul Ball, location: 2F
3-2: DOUBLE (Line Drive, 78D, EV 109.4 MPH)
Batting: LHB Tony Olvera 0-0: Foul Ball, location: 2F
0-1: SINGLE (Groundball, 4D, EV 107.5 MPH)
Mike Hamilton to third
Pinch Hitting: RHB Ken Yeadon 0-0: Called Strike
0-1: Ball
1-1: Called Strike
1-2: Ball
2-2: Fly out, F9 (Flyball, 89M, EV 92.5 MPH)
Bottom of the 9th over - 0 runs, 2 hits, 0 errors, 2 left on base; Milwaukee (NYP) 7 - Auburn 2
Sunday, July 16th , 2023 - OOTP Baseball 24.6 Build 69